 Dungeon Crawl Stone Soup version 0.27.1-1-g398f81649c (webtiles) character file.

Game seed: 864525157177168141

2934 hawla the Reanimator (level 9, -21/40 HPs)
             Began as a Felid Necromancer on Sept 6, 2021.
             Was a Priest of Qazlal.
             Demolished by a skeletal warrior (28 damage)
             ... led by a skeletal warrior
             ... on level 10 of the Dungeon.
             The game lasted 00:52:57 (16078 turns).

hawla the Reanimator (Felid Necromancer)           Turns: 16078, Time: 00:52:58

Health: -21/40     AC:  6    Str: 10    XL:     9   Next: 51%
Magic:  18/18      EV: 20    Int: 21    God:    Qazlal [***...]
Gold:   650        SH:  0    Dex: 16    Spells: 0/19 levels left
                                        Lives:  0   Deaths: 3

rFire    . . .     SeeInvis +     - Unarmed
rCold    . . .     Faith    .   (shield unavailable)
rNeg     . . .     Spirit   .   (armour unavailable)
rPois    .         Reflect  .   (helmet unavailable)
rElec    .         Harm     .   (cloak unavailable)
rCorr    .         Rampage  .   (gloves unavailable)
Will     +....                  (boots unavailable)
Stlth    +.........             d - amulet of magic regeneration
HPRegen  0.13/turn              b - +6 ring of strength
MPRegen  0.41/turn              r - +4 ring of protection

@: confused, ambrosia-drunk, quick
A: very small, claws 1, fangs 3, see invisible, speed 1, shaggy fur 2, stealthy
paws, no weapons or thrown items, no armour, multi-lived
a: Renounce Religion, Upheaval, Elemental Force


You were on level 10 of the Dungeon.
You worshipped Qazlal.
Qazlal was most pleased with you.
You visited 2 branches of the dungeon, and saw 12 of its levels.

You collected 661 gold pieces.
You spent 11 gold pieces at shops.

Inventory:

Jewellery
 b - a +6 ring of strength (left paw)
 d - an amulet of magic regeneration (around neck)
 r - a +4 ring of protection (right paw)
Wands
 g - a wand of flame (6) (quivered)
 i - a wand of digging (4)
 o - a wand of acid (11)
 p - a wand of charming (11)
Scrolls
 l - a scroll of identify
 n - a scroll of fear
 q - a scroll of magic mapping
Potions
 a - a potion of invisibility
 c - a potion of resistance
 e - 2 potions of might
 f - a potion of attraction
 h - a potion of curing
 j - a potion of brilliance
Miscellaneous
 m - a lightning rod (4/4)


   Skills:
 - Level 5.0 Fighting
 - Level 6.0 Dodging
 - Level 5.0 Stealth
 - Level 5.0 Unarmed Combat
 + Level 5.8 Spellcasting
 - Level 6.0 Hexes
 - Level 6.5 Summonings
 + Level 10.1 Necromancy
 + Level 2.5 Translocations
 + Level 1.8 Transmutations
 - Level 2.0 Invocations
 + Level 3.3 Evocations


You couldn't memorise any spells.
You knew the following spells:

 Your Spells              Type           Power      Damage    Failure   Level
a - Pain                  Necr           100%       1d9       1%          1
b - Vampiric Draining     Necr           24%        2d9       1%          3
c - Animate Dead          Necr           24%        N/A       1%          4
d - Call Canine Familiar  Summ           33%        N/A       1%          3
e - Agony                 Necr           48%        N/A       4%          5
f - Summon Guardian Gole  Hex/Summ       32%        N/A       2%          3

Your spell library contained the following spells:

 Spells                   Type           Power      Damage    Failure   Level
 Animate Skeleton         Necr           96%        N/A       1%          1
 Tukima's Dance           Hex            31%        N/A       2%          3
 Blink                    Tloc           N/A        N/A       5%          2
 Freeze                   Ice            24%        1d5       10%         1
 Gell's Gravitas          Tloc           8%         N/A       11%         3
 Lesser Beckoning         Tloc           8%         N/A       11%         3
 Teleport Other           Tloc           16%        N/A       11%         3
 Leda's Liquefaction      Hex/Erth       9%         N/A       28%         4
 Frozen Ramparts          Ice            12%        1d3       30%         3
 Passage of Golubria      Tloc           N/A        N/A       34%         4
 Yara's Violent Unravell  Hex/Tmut       11%        3d6       50%         5
 Hailstorm                Conj/Ice       6%         3d4       69%         4
 Manifold Assault         Tloc           16%        N/A       69%         5
 Dispersal                Tloc           8%         N/A       99%         6
 Orb of Destruction       Conj           3%         9d1       100%        7
 Spellforged Servitor     Conj/Summ      9%         N/A       100%        7
 Borgnjor's Revivificati  Necr           24%        N/A       100%        8
 Necromutation            Tmut/Necr      15%        N/A       100%        8
 Death's Door             Necr           24%        N/A       100%        9
 Portal Projectile        Hex/Tloc       Unusable   N/A       N/A         3

Dungeon Overview and Level Annotations

Branches:
Dungeon (11/15)            Temple (1/1) D:6             Orc (0/2) D:10
   Lair: D:8-11

Altars:
Ashenzari
Cheibriados
Dithmenos
Elyvilon
Fedhas
Gozag
Hepliaklqana
Kikubaaqudgha
Makhleb
Nemelex Xobeh
Okawaru
Qazlal
Ru
Sif Muna
Trog
Uskayaw
Vehumet
Wu Jian
Xom
Yredelemnul
Zin
The Shining One

Shops:
D:2 *   D:10 [

Portals:
Trove: D:10 (show slimy rune of Zot)

Annotations:
D:5 1 runed translucent door, Crazy Yiuf
D:10 1 runed translucent door, shadowrider38's ghost, journeyman KoBe


Innate Abilities, Weirdness & Mutations

You have sharp claws.
You have razor-sharp teeth.
You have supernaturally acute eyesight. (SInv)
You cover ground quickly. (Speed+)
You are covered in thick fur. (AC +2)
Your paws help you pounce on unaware monsters.
You are incapable of wielding weapons or throwing items.
You cannot wear armour.
You gain extra lives every three experience levels.


Message History

* * * LOW HITPOINT WARNING * * *
Your hound bites the skeletal warrior but does no damage.
Your hound closely misses the skeletal warrior.
Your hound bites the skeletal warrior but does no damage.
There is an escape hatch in the floor here.
Your hound completely misses the skeletal warrior.
Your hound closely misses the skeletal warrior.
Your hound closely misses the skeletal warrior.
Your hound bites the skeletal warrior but does no damage.
Your hound barely misses the skeletal warrior.
The skeletal warrior is engulfed in blazing flames.
You see here 20 sling bullets.
Your hound bites the skeletal warrior but does no damage.
Your hound completely misses the skeletal warrior.
Okay, then.
As you read the scroll of identify, it crumbles to dust.
a - a potion of invisibility Your hound barely misses the skeletal warrior.
As you read the scroll of identify, it crumbles to dust.
f - a potion of attraction
As you read the scroll of identify, it crumbles to dust.
k - a potion of ambrosia Your hound closely misses the skeletal warrior.
You are confused.
You feel invigorated.
Your hound bites the skeletal warrior but does no damage.
You bump into the rock wall.
You bump into the rock wall.
The skeletal warrior closely misses you.
Your hound closely misses the skeletal warrior.
Your hound barely misses the skeletal warrior.
You're too confused to move!
The skeletal warrior hits you with a +3 flail!!
Ouch! That really hurt!
* * * LOW HITPOINT WARNING * * *
Your hound bites the skeletal warrior but does no damage.
Your hound bites the skeletal warrior but does no damage.
The skeletal warrior hits you with a +3 flail!!
Ouch! That really hurt!
You die...

## ########### .#
#.........# .# #.......@z#
.#### #........h# ....#
#.........#
....#####.........#
..................#
.................(#
..................########
.........................#
.........................#


You could see a skeletal warrior (ally target) and a friendly hound (summoned).

Vanquished Creatures
  Erica (D:8)
  A two-headed ogre (D:10)
  A gargoyle (D:6)
  Psyche (D:8)
  An unseen horror (D:7)
  A tengu conjurer (D:9)
  2 trolls
  Grinder (D:5)
  A vampire (D:6)
  A wraith (D:6)
  3 wyverns
  3 yaks (D:10)
  A harpy simulacrum (D:9)
  An acid dragon (D:8)
  3 water moccasins
  Duvessa (D:4)
  5 orc warriors
  4 ice beasts
  A sky beast (D:6)
  2 ogres
  3 centaurs
  A phantom (D:7)
  A bullfrog (D:8)
  A wyvern zombie (D:8)
  Dowan (D:4)
  3 scorpions
  A water moccasin zombie (D:5)
  A water moccasin skeleton (D:7)
  6 killer bees (D:9)
  5 wights
  A howler monkey (D:10)
  A bullfrog zombie (D:6)
  2 centaur zombies (D:9)
  2 gnoll shamans
  2 jellies
  A centaur skeleton (D:5)
  5 orc wizards
  Jessica (D:2)
  Natasha (twice) (D:2)
  Terence (D:2)
  An iguana (D:6)
  A killer bee zombie (D:8)
  4 adders
  7 gnolls
  A white imp (D:5)
  2 ufetubi (D:5)
  An adder skeleton (D:4)
  4 worms
  12 dart slugs
  25 orcs
  11 endoplasms
  2 giant cockroaches
  4 goblins
  5 hobgoblins
  3 jackals (D:3)
  4 kobolds
  6 ball pythons
  4 bats
  5 frilled lizards
  10 rats
188 creatures vanquished.

Vanquished Creatures (collateral kills)
  A gnoll sergeant (D:9)
  A wight (D:6)
  A howler monkey zombie (D:6)
  2 gnolls
  4 orcs (D:9)
9 creatures vanquished.

Vanquished Creatures (others)
  5 fungi
  6 plants
11 creatures vanquished.

Grand Total: 208 creatures vanquished

Notes
Turn   | Place    | Note
-------+----------+-------------------------------------------
     0 | D:1      | hawla the Felid Necromancer began the quest for the Orb.
     0 | D:1      | Reached XP level 1. HP: 7/7 MP: 4/4
   704 | D:1      | Reached XP level 2. HP: 8/11 MP: 1/6
  2071 | D:1      | Reached XP level 3. HP: 10/14 MP: 4/7
  2075 | D:1      | Learned a level 3 spell: Vampiric Draining
  2407 | D:2      | Found a hazy altar of Hepliaklqana.
  2458 | D:2      | Found a faded altar of an unknown god.
  2547 | D:2      | Found Furix's General Store.
  2552 | D:2      | Bought a potion of degeneration for 11 gold pieces
  2602 | D:2      | Noticed Natasha
  2605 | D:2      | Killed Natasha
  2819 | D:2      | Reached skill level 5 in Necromancy
  2819 | D:2      | Reached XP level 4. HP: 8/18 MP: 0/9
  2824 | D:2      | Learned a level 4 spell: Animate Dead
  3027 | D:2      | Noticed Jessica
  3039 | D:2      | Killed Jessica
  3240 | D:2      | Noticed Terence
  3241 | D:2      | Noticed Natasha
  3359 | D:2      | Killed Natasha
  3404 | D:2      | Killed Terence
  3405 | D:2      | Reached XP level 5. HP: 19/21 MP: 8/11
  4539 | D:4      | Found a stormy altar of Qazlal.
  4542 | D:4      | Became a worshipper of Qazlal Stormbringer
  4682 | D:4      | Noticed Dowan
  4683 | D:4      | Noticed Duvessa
  4708 | D:4      | HP: 1/21 [Duvessa (7)]
  4998 | D:4      | Killed Duvessa
  4999 | D:4      | Gained mutation: You are covered in thick fur. (AC +2)
                  | [Felid growth]
  4999 | D:4      | Reached XP level 6. HP: 16/24 MP: 0/13
  5284 | D:4      | Killed Dowan
  5342 | D:4      | Reached skill level 1 in Unarmed Combat
  5729 | D:5      | Entered Level 5 of the Dungeon
  5806 | D:5      | Found a runed translucent door.
  5807 | D:5      | Noticed Crazy Yiuf
  5895 | D:5      | Reached skill level 1 in Evocations
  5945 | D:5      | Found an ancient bone altar of Kikubaaqudgha.
  5948 | D:5      | Noticed Grinder
  5957 | D:5      | Paralysed by Grinder for 7 turns
  6198 | D:5      | Reached skill level 1 in Fighting
  6198 | D:5      | Reached skill level 1 in Invocations
  6205 | D:5      | Reached skill level 6 in Necromancy
  6259 | D:5      | Reached XP level 7. HP: 21/28 MP: 10/14
  6465 | D:4      | You fall into a shaft and drop 2 floors!
  6589 | D:5      | Killed Grinder
  6590 | D:5      | Reached skill level 7 in Necromancy
  6640 | D:5      | Found a sparkling altar of Nemelex Xobeh.
  6653 | D:5      | Learned a level 3 spell: Call Canine Familiar
  7081 | D:6      | Reached skill level 8 in Necromancy
  7091 | D:6      | Reached XP level 8. HP: 13/32 MP: 10/15
  7276 | D:6      | Found a shimmering altar of Xom.
  7574 | D:6      | Noticed a troll
  7584 | D:6      | Killed a troll
  7585 | D:6      | Reached skill level 5 in Summonings
  7655 | D:6      | Reached * piety under Qazlal
  7924 | D:6      | Noticed a moth of wrath
  7926 | D:6      | Found a bloodstained altar of Trog.
  8186 | D:6      | Noticed a gargoyle
  8193 | D:6      | Killed a gargoyle
  8194 | D:6      | Reached XP level 9. HP: 31/36 MP: 16/16
  8247 | D:6      | Noticed a troll
  8259 | D:6      | Slain by a troll
  8260 | D:6      | Reached XP level 8. HP: -2/33 MP: 1/15
  8342 | D:6      | Reached skill level 5 in Stealth
  8348 | D:6      | Learned a level 5 spell: Agony
  8999 | D:6      | Found a staircase to the Ecumenical Temple.
  9113 | Temple   | Entered the Ecumenical Temple
  9524 | D:6      | Reached skill level 5 in Spellcasting
  9932 | D:7      | Noticed an unseen horror
  9940 | D:7      | Killed an unseen horror
  9941 | D:7      | Reached skill level 9 in Necromancy
 10162 | D:7      | Reached XP level 9. HP: 29/36 MP: 17/17
 10243 | D:7      | Reached skill level 10 in Necromancy
 10451 | D:7      | Found a flagged portal.
 10643 | D:7      | Found a shimmering blue altar of Sif Muna.
 10643 | D:7      | Found an opulent altar of Gozag.
 10905 | D:8      | Reached ** piety under Qazlal
 11153 | D:8      | Noticed Psyche
 11179 | D:8      | Killed Psyche
 11263 | D:8      | Noticed Erica
 11296 | D:8      | Killed Erica
 11297 | D:8      | Reached skill level 5 in Dodging
 11301 | D:8      | Learned a level 3 spell: Summon Guardian Golem
 11558 | D:8      | Noticed a troll
 11776 | D:8      | Reached skill level 1 in Hexes
 11810 | D:8      | Killed a troll
 11882 | D:8      | Found a blossoming altar of Fedhas.
 12495 | D:8      | Reached skill level 5 in Hexes
 12604 | D:8      | Found an ornate altar of the Wu Jian Council.
 12615 | D:8      | Found a glowing silver altar of Zin.
 12843 | D:9      | Reached XP level 10. HP: 36/42 MP: 1/19
 12934 | D:9      | Identified a scroll of acquirement
 12934 | D:9      | Acquired a Necronomicon
 14028 | D:9      | Slain by a gnoll
 14029 | D:9      | Reached XP level 9. HP: 0/35 MP: 18/18
 14086 | D:9      | Reached *** piety under Qazlal
 14407 | D:9      | Noticed a tengu conjurer
 14416 | D:9      | Killed a tengu conjurer
 14477 | D:9      | HP: 1/39 [harpy simulacrum (12)]
 14478 | D:9      | Mangled by a harpy simulacrum
 14479 | D:9      | Reached XP level 8. HP: -13/36 MP: 17/17
 14736 | D:10     | Entered Level 10 of the Dungeon
 14761 | D:10     | Found a portal to a secret trove of treasure.
 14786 | D:10     | Noticed a two-headed ogre
 14795 | D:10     | Killed a two-headed ogre
 14796 | D:10     | Reached skill level 5 in Unarmed Combat
 14796 | D:10     | Reached skill level 1 in Translocations
 14796 | D:10     | Reached skill level 1 in Transmutations
 14796 | D:10     | Reached XP level 9. HP: 17/40 MP: 4/18
 15037 | D:10     | Found a runed translucent door.
 15037 | D:10     | Noticed shadowrider38's ghost (journeyman KoBe)
 15149 | D:10     | Found a staircase to the Orcish Mines.
 15149 | D:10     | Found Ruzy's Armour Emporium.
 15731 | D:10     | Reached skill level 5 in Fighting
 16003 | D:11     | Noticed a skeletal warrior
 16003 | D:11     | Noticed a skeletal warrior
 16003 | D:11     | Noticed a skeletal warrior
 16078 | D:10     | Demolished by a skeletal warrior

Illustrated notes

Levels and vault maps discovered:
D:1:      psy_arrival_conway, layout_basic
D:2:      layout_basic, basic_altar, serial_shops, shop,
          shapermc_ecumenical_altar_mp_ritualfount, uniq_jessica, uniq_natasha,
          uniq_terence
D:3:      layout_basic
D:4:      kennysheep_slugbush, layout_rooms, kennysheep_mini_moat,
          serial_curves, eino_curves_04, eino_curves_01, uniq_duvessa
D:5:      layout_basic, nicolae_kikubaaqudgha_miasma_corner,
          mainiacjoe_overflow_brackets, dk_noncrumbling_3, minivault_24,
          uniq_crazy_yiuf_cottage, uniq_grinder
D:6:      layout_loops_ring, nicolae_overflow_crystal_walls, tgw_trog,
          minmay_temple_entry_junction_2, kb_rosetta
D:7:      layout_cave_pools, gammafunk_temple_overflow_statue, enter_bailey_8
D:8:      layout_loops_cross, amethyst_overflow_temple_binary, fedhas_altar_3,
          minmay_misc_feat_cross, uniq_psyche, uniq_erica
D:9:      layout_irregular_city, serial_rivers, chequers_serial_rivers_room_a,
          chequers_serial_rivers_micro_b, chequers_serial_rivers_large_b,
          chequers_serial_rivers_room_a, chequers_serial_rivers_room_b
D:10:     layout_irregular_city, orc_david_3, hellmonk_ghost_happy_afterlife,
          enter_trove_2, chequers_jeans
D:11:     layout_long_grid, lair_entry_dummy
Temple:   minmay_temple_forest_path

Skill      XL: |  1  2  3  4  5  6  7  8  9 10 |
---------------+-------------------------------+-----
Stealth        | 3 4 5 |  5.0
Necromancy     | 5 6 8 9 10 | 10.1
Spellcasting   | 3 4 5 |  5.8
Unarmed Combat | 1 5 3 4 |  5.0
Dodging        | 3 6 5 |  6.0
Evocations     | 1 2 3 |  3.3
Fighting       | 1 2 5 4 |  5.0
Invocations    | 1 2 |  2.0
Summonings     | 2 6 |  6.5
Hexes          | 5 6 |  6.0
Translocations | 1 2 |  2.5
Transmutations | 1 |  1.8

Action                   |  1- 3 |  4- 6 |  7- 9 | 10-12 || total
-------------------------+-------+-------+-------+-------++-------
Melee: Unarmed           |       |    56 |   202 |    40 ||   298
       Bite              |       |     8 |    25 |     3 ||    36
       Punch             |       |     1 |     2 |       ||     3
 Cast: Pain              |    68 |    45 |    27 |     6 ||   146
       Vampiric Draining |     1 |    19 |   123 |    31 ||   174
       Animate Dead      |       |     8 |    20 |     9 ||    37
       Call Canine Famil |       |       |    24 |     1 ||    25
       Agony             |       |       |     7 |     2 ||     9
Evoke: Wand              |       |     3 |    41 |       ||    44
  Use: Potion            |     2 |       |     6 |     3 ||    11
       Scroll            |     1 |     5 |     8 |     3 ||    17
 Stab: Sleeping          |       |     7 |     2 |       ||     9
       Distracted        |       |       |     3 |       ||     3
Armor: Skin              |       |     4 |    26 |     5 ||    35
Dodge: Dodged            |    16 |    67 |   301 |    78 ||   462
Block: Other             |       |       |    23 |    10 ||    33
